 Dungeon Sprint DCSS version 0.31.0-12-g77e489cdc1 (webtiles) character file.

Game seed: 17878580543220813057

868 Heoruswealwe the Skirmisher (level 8, -14/68 HPs)
             Began as a Gnoll Hunter on Feb 14, 2024.
             Was an Initiate of Gozag.
             Killed from afar by an arcanist (15 damage)
             ... with a lance of force
             ... in the Dungeon (Sprint IX: "|||||||||||||||||||||||||||||").
             The game lasted 00:05:25 (475 turns).

Heoruswealwe the Skirmisher (Gnoll Hunter)           Turns: 475, Time: 00:05:27

Health: -14/68     AC: 14    Str: 15    XL:     8   Next: 3%
Magic:  12/17      EV: 10    Int:  8    God:    Gozag
Gold:   612        SH:  0    Dex: 17    Spells: 19/19 levels left

rFire   . . .        b - +2 scimitar (flame)
rCold   . . .        (no shield)
rNeg    . . .        c - +1 chain mail
rPois   .            (no helmet)
rElec   .            (no cloak)
rCorr   .            f - +0 pair of gloves
SInv    .            (no boots)
Will    .....        (no amulet)
Stlth   +            k - +2 ring of protection
HPRegen 0.31/turn    j - +3 ring of strength
MPRegen 0.15/turn

%: no teleportation
@: no status effects
A: fangs 1, strong nose, distributed training
a: Renounce Religion, Potion Petition, Call Merchant, Bribe Branch


You were in the Dungeon.
You worshipped Gozag.
Gozag was pleased with you.
You visited 1 branch You collected 612 gold pieces.

Inventory:

Hand Weapons
 a - a +0 shortbow
 b - a +2 scimitar of flaming (weapon)
Armour
 c - a +1 chain mail (worn)
 f - a +0 pair of gloves (worn)
Jewellery
 j - a +3 ring of strength (right hand)
 k - a +2 ring of protection (left hand)
Wands
 m - a wand of iceblast (10)
Scrolls
 i - 2 scrolls of blinking
Potions
 g - 4 potions of magic
 h - a potion of berserk rage
 l - a potion of invisibility


   Skills:
 + Level 7.9 Fighting
 + Level 6.3 Short Blades
 + Level 6.3 Long Blades
 + Level 6.3 Axes
 + Level 6.3 Maces & Flails
 + Level 6.3 Polearms
 + Level 6.3 Staves
 + Level 10.6 Ranged Weapons
 + Level 6.3 Throwing
 + Level 6.3 Armour
 + Level 7.9 Dodging
 + Level 6.8 Stealth
 + Level 6.3 Shields
 + Level 6.3 Unarmed Combat
 + Level 6.3 Spellcasting
 + Level 5.2 Conjurations
 + Level 5.2 Hexes
 + Level 5.2 Summonings
 + Level 5.2 Necromancy
 + Level 5.2 Translocations
 + Level 5.2 Fire Magic
 + Level 5.2 Ice Magic
 + Level 5.2 Air Magic
 + Level 5.2 Earth Magic
 + Level 5.2 Alchemy
 + Level 6.9 Invocations
 + Level 6.3 Evocations
 + Level 5.7 Shapeshifting


You had 19 spell levels left.
You didn't know any spells.
Your spell library was empty.

Dungeon Overview and Level Annotations

Branches:
Dungeon (1/1)

Altars:
Cheibriados
Dithmenos
Elyvilon
Fedhas
Gozag
Hepliaklqana
Kikubaaqudgha
Makhleb
Nemelex Xobeh
Okawaru
Qazlal
Ru
Sif Muna
Trog
Uskayaw
Vehumet
Wu Jian
Xom
Yredelemnul
Zin
The Shining One
Jiyva
Lugonu


Innate Abilities, Weirdness & Mutations

You have very sharp teeth.
Your uncanny sense of smell can sniff out nearby items.
Your experience applies equally to all skills.


Message History

You barely miss the troll.
The troll is heavily wounded.
The brain worm's throbbing head pulsates.
Something gnaws on your mind!
You feel your power leaking away. The troll bites you.
* * * LOW HITPOINT WARNING * * *
The troll claws you but does no damage. x2
The arcanist becomes larger for a moment.
You slash the troll! You burn the troll.
The troll is severely wounded.
The brain worm changes into a meliai!
The troll closely misses you. x2
The troll claws you but does no damage.
You hit the troll. You burn the troll.
The troll is almost dead.
The troll closely misses you.
The troll claws you but does no damage. x2
You closely miss the troll.
The troll is almost dead.
The troll bites you.
* * * LOW HITPOINT WARNING * * *
The troll barely misses you. x2
You hit the troll. You burn the troll.
The troll is almost dead.
The arcanist wildly gestures.
The arcanist shimmers violently.
You slash the arcanist! You burn the arcanist.
The arcanist is moderately wounded.
You closely miss the arcanist.
The arcanist is moderately wounded.
The arcanist hits you with a +0 dagger.
* * * LOW HITPOINT WARNING * * *
You hit the arcanist. You burn the arcanist.
The arcanist is heavily wounded.
The meliai invokes the aid of its god against you.
Something smites you!
* * * LOW HITPOINT WARNING * * *
The arcanist casts a spell at you. The lance of force hits you!
You die...
Your body crumbles into a pile of gold.

▓.▓
∆
▓.▓
∆
▓'▓
∆
▓)▓
∆
▓)▓
▓.▓
∆
▓.▓
▓.▓
∆
▓@▓
∆
▓p▓
∆
▓T▓
∆
▓y▓
▓y▓
▓T▓
▓C▓
▓.▓


You could see a cyclops, an arcanist, 2 trolls, a meliai and a meliai shaped
shifter.

Vanquished Creatures
  2 trolls (D)
  A hornet (D)
  A centaur (D)
  A phantom (D)
  An orc priest (D)
  A hound (D)
  An iguana (D)
  An orc wizard (D)
  2 dart slugs (D)
  2 orcs (D)
  A bat (D)
  A goblin (D)
  A rat (D)
16 creatures vanquished.

Notes
Turn   | Place    | Note
-------+----------+-------------------------------------------
     0 | D        | Heoruswealwe the Gnoll Hunter began the quest for the Orb.
     0 | D        | Reached XP level 1. HP: 20/20 MP: 1/1
     9 | D        | Reached skill level 1 in Invocations
    12 | D        | Reached skill level 1 in Short Blades
    12 | D        | Reached skill level 1 in Long Blades
    12 | D        | Reached skill level 1 in Axes
    12 | D        | Reached skill level 1 in Maces & Flails
    12 | D        | Reached skill level 1 in Polearms
    12 | D        | Reached skill level 1 in Staves
    12 | D        | Reached skill level 1 in Throwing
    12 | D        | Reached skill level 1 in Armour
    12 | D        | Reached skill level 1 in Shields
    12 | D        | Reached skill level 1 in Unarmed Combat
    12 | D        | Reached skill level 1 in Spellcasting
    12 | D        | Reached skill level 1 in Evocations
    12 | D        | Reached skill level 1 in Shapeshifting
    12 | D        | Reached XP level 2. HP: 21/26 MP: 1/3
    13 | D        | Reached skill level 1 in Conjurations
    13 | D        | Reached skill level 1 in Hexes
    13 | D        | Reached skill level 1 in Summonings
    13 | D        | Reached skill level 1 in Necromancy
    13 | D        | Reached skill level 1 in Translocations
    13 | D        | Reached skill level 1 in Fire Magic
    13 | D        | Reached skill level 1 in Ice Magic
    13 | D        | Reached skill level 1 in Air Magic
    13 | D        | Reached skill level 1 in Earth Magic
    13 | D        | Reached skill level 1 in Alchemy
    33 | D        | Noticed a phantom
    53 | D        | Killed a phantom
    54 | D        | Reached skill level 5 in Fighting
    54 | D        | Reached skill level 9 in Ranged Weapons
    54 | D        | Reached skill level 5 in Dodging
    54 | D        | Reached XP level 3. HP: 17/33 MP: 5/7
    54 | D        | Reached XP level 4. HP: 20/39 MP: 5/8
    60 | D        | Reached XP level 5. HP: 25/46 MP: 5/10
    66 | D        | Found a snail-covered altar of Cheibriados.
    66 | D        | Found a shadowy altar of Dithmenos.
    66 | D        | Found a white marble altar of Elyvilon.
    66 | D        | Found a blossoming altar of Fedhas.
    66 | D        | Found an opulent altar of Gozag.
    67 | D        | Found a hazy altar of Hepliaklqana.
    68 | D        | Found a viscous altar of Jiyva.
    69 | D        | Found an ancient bone altar of Kikubaaqudgha.
    70 | D        | Found a corrupted altar of Lugonu.
    71 | D        | Found a burning altar of Makhleb.
    72 | D        | Found a sparkling altar of Nemelex Xobeh.
    73 | D        | Found an iron altar of Okawaru.
    74 | D        | Became a worshipper of Gozag Ym Sagoz the Greedy
    75 | D        | Found a stormy altar of Qazlal.
    76 | D        | Found a sacrificial altar of Ru.
    77 | D        | Found a shimmering blue altar of Sif Muna.
    78 | D        | Found a bloodstained altar of Trog.
    79 | D        | Found a hide-covered altar of Uskayaw.
    80 | D        | Found a radiant altar of Vehumet.
    81 | D        | Found an ornate altar of the Wu Jian Council.
    82 | D        | Found a shimmering altar of Xom.
    83 | D        | Found a basalt altar of Yredelemnul.
    84 | D        | Found a glowing silver altar of Zin.
    85 | D        | Found a glowing golden altar of the Shining One.
   185 | D        | Noticed a hornet
   185 | D        | Noticed a troll
   185 | D        | Noticed a troll
   185 | D        | Noticed a centaur
   187 | D        | Paralysed by a hornet for 2 turns
   197 | D        | Killed a hornet
   198 | D        | Reached skill level 5 in Stealth
   198 | D        | Reached skill level 5 in Invocations
   198 | D        | Reached XP level 6. HP: 28/53 MP: 10/13
   206 | D        | Killed a troll
   207 | D        | Reached skill level 5 in Short Blades
   207 | D        | Reached skill level 5 in Long Blades
   207 | D        | Reached skill level 5 in Axes
   207 | D        | Reached skill level 5 in Maces & Flails
   207 | D        | Reached skill level 5 in Polearms
   207 | D        | Reached skill level 5 in Staves
   207 | D        | Reached skill level 10 in Ranged Weapons
   207 | D        | Reached skill level 5 in Throwing
   207 | D        | Reached skill level 5 in Armour
   207 | D        | Reached skill level 5 in Shields
   207 | D        | Reached skill level 5 in Unarmed Combat
   207 | D        | Reached skill level 5 in Spellcasting
   207 | D        | Reached skill level 5 in Evocations
   207 | D        | Reached skill level 5 in Shapeshifting
   207 | D        | Reached XP level 7. HP: 20/60 MP: 10/15
   224 | D        | Killed a troll
   225 | D        | Reached skill level 5 in Conjurations
   225 | D        | Reached skill level 5 in Hexes
   225 | D        | Reached skill level 5 in Summonings
   225 | D        | Reached skill level 5 in Necromancy
   225 | D        | Reached skill level 5 in Translocations
   225 | D        | Reached skill level 5 in Fire Magic
   225 | D        | Reached skill level 5 in Ice Magic
   225 | D        | Reached skill level 5 in Air Magic
   225 | D        | Reached skill level 5 in Earth Magic
   225 | D        | Reached skill level 5 in Alchemy
   232 | D        | HP: 1/61 [centaur (5)]
   236 | D        | Reached XP level 8. HP: 2/68 MP: 14/17
   464 | D        | Noticed a troll
   464 | D        | Noticed a meliai
   464 | D        | Noticed an arcanist
   464 | D        | Noticed a queen bee
   464 | D        | Noticed a troll
   464 | D        | Noticed a cyclops
   464 | D        | a queen bee changed into a brain worm
   469 | D        | a brain worm changed into a meliai
   469 | D        | Noticed a meliai (shapeshifter)
   475 | D        | HP: 1/68 [meliai/divine providence (15)]
   475 | D        | Killed from afar by an arcanist

Illustrated notes

Levels and vault maps discovered:
D:        linesprint [early_d, line_temple, items_1, d_10, items_2, lair_1,
          lair_end, items_3, orc_1, orc_end, items_4, d_15, swamp_1, shoals_1,
          snake_1, spider_1, d_20, vaults_1, items_5, swamp_end, shoals_end,
          snake_end, spider_end, vaults_end, d_27, items_6, zot_1, zot_end,
          crypt_end, forest_end, elf_end, slime_end, tomb_end, abyss_end,
          pan_hell_end]

Skill      XL: |  1  2  3  4  5  6  7 |
---------------+----------------------+-----
Invocations    | 1 3 5 6 |  6.9
Short Blades   | 1 2 3 4 5 6 |  6.3
Long Blades    | 1 2 3 4 5 6 |  6.3
Axes           | 1 2 3 4 5 6 |  6.3
Maces & Flails | 1 2 3 4 5 6 |  6.3
Polearms       | 1 2 3 4 5 6 |  6.3
Staves         | 1 2 3 4 5 6 |  6.3
Throwing       | 1 2 3 4 5 6 |  6.3
Armour         | 1 2 3 4 5 6 |  6.3
Shields        | 1 2 3 4 5 6 |  6.3
Unarmed Combat | 1 2 3 4 5 6 |  6.3
Spellcasting   | 1 2 3 4 5 6 |  6.3
Evocations     | 1 2 3 4 5 6 |  6.3
Shapeshifting  | 1 2 3 4 5 |  5.7
Conjurations   | 2 3 4 5 |  5.2
Hexes          | 2 3 4 5 |  5.2
Summonings     | 2 3 4 5 |  5.2
Necromancy     | 2 3 4 5 |  5.2
Translocations | 2 3 4 5 |  5.2
Fire Magic     | 2 3 4 5 |  5.2
Ice Magic      | 2 3 4 5 |  5.2
Air Magic      | 2 3 4 5 |  5.2
Earth Magic    | 2 3 4 5 |  5.2
Alchemy        | 2 3 4 5 |  5.2
Fighting       | 5 6 7 |  7.9
Ranged Weapons | 9 10 | 10.6
Dodging        | 5 6 7 |  7.9
Stealth        | 3 4 5 6 |  6.8

Action                     |  1- 3 |  4- 6 |  7- 9 || total
---------------------------+-------+-------+-------++-------
  Melee: Scimitar          |       |    14 |    32 ||    46
         Bite              |       |     1 |     5 ||     6
         Punch             |       |       |     1 ||     1
   Fire: Shortbow          |    27 |     6 |       ||    33
    Use: Potion            |     1 |     5 |     3 ||     9
 Armour: Leather armour    |    13 |     1 |       ||    14
         Chain mail        |       |    24 |    36 ||    60
  Dodge: Dodged            |     8 |    14 |    25 ||    47
